 Dungeon Crawl Stone Soup version 0.30.1-11-g7821555f0a (webtiles) character file.

Game seed: 2225697830624915729

60 Peloso the Trooper (level 3, 34/34 HPs)
             Began as a Minotaur Fighter on Dec 10, 2023.
             Got out of the dungeon alive.
             The game lasted 00:01:57 (1641 turns).

Peloso the Trooper (Minotaur Fighter)               Turns: 1641, Time: 00:01:58

Health: 34/34      AC:  9    Str: 20    XL:     3   Next: 80%
Magic:  2/2        EV:  9    Int:  5    God:
Gold:   108        SH:  4    Dex: 11    Spells: 2/2 levels left

rFire   . . .        a - +0 long sword
rCold   . . .        c - +0 buckler
rNeg    . . .        b - +0 scale mail
rPois   .            (helmet unavailable)
rElec   .            (no cloak)
rCorr   .            (no gloves)
SInv    .            (no boots)
Will    +....        (no amulet) Stlth
                     (no ring)
HPRegen 0.25/turn    (no ring)
MPRegen 0.08/turn

%: no passive effects
@: no status effects
A: horns 3, retaliatory headbutt, iridescent scales 1, strong-willed 1
a: no special abilities


You escaped.
You visited 1 branch of the dungeon, and saw 2 of its levels.

You collected 108 gold pieces.

Inventory:

Hand Weapons
 a - a +0 long sword (weapon)
Armour
 b - a +0 scale mail (worn)
 c - a +0 buckler (worn)
Scrolls
 f - 2 scrolls of teleportation {unknown}
 i - a scroll of magic mapping {unknown}
Potions
 d - a potion of might
 h - a potion of attraction {unknown}


   Skills:
 + Level 4.4 Fighting
 + Level 3.3 Long Blades
 + Level 4.2 Armour
 + Level 0.4 Dodging
 + Level 4.0 Shields


You had 2 spell levels left.
You didn't know any spells.
Your spell library contained the following spells:

 Spells                   Type           Power      Damage    Failure   Level
 Lesser Beckoning         Tloc           0%         N/A       95%         2
 Gell's Gravitas          Tloc           0%         N/A       99%         3
 Teleport Other           Tloc           0%         N/A       99%         3


Dungeon Overview and Level Annotations

Branches:
Dungeon (2/15)

Altars:
Xom


Innate Abilities, Weirdness & Mutations

You have a pair of large horns on your head.
You reflexively headbutt those who attack you in melee.
You are partially covered in iridescent scales. (AC +2)
You are strong-willed. (Will+)


Message History

Found a stone staircase leading up.
A ball python comes into view.
A ball python is nearby!
A ball python is nearby!
A ball python is nearby!
You hit the ball python.
You kill the ball python!
You see here a ball python corpse.
There is a stone staircase leading up here.
Done exploring.
Done exploring.
Done exploring.
Done exploring.
It was a potion of ambrosia.
You are confused.
You feel invigorated.
It was a potion of mutation.
You feel extremely strange.
Iridescent scales grow over part of your body.
You feel strong-willed. The horns on your head grow some more.
(D) Dungeon
Where to? (Enter - D:12, ? - help)
What level of the Dungeon? (default 1, ? - help)
You are too confused!
You start waiting.
You feel less invigorated.
You feel less confused.
You start waiting.
Done waiting.
You start waiting.
Done waiting.
(D) Dungeon
Where to? (Enter - D:1 @ (x,y), ? - help)
What level of the Dungeon? (default 1, ? - help)
There is a stone staircase leading up here.
You climb upwards.
There is a stone staircase leading down here.
There is an open door here.
There is a staircase leading out of the dungeon here.
Are you sure you want to leave the Dungeon?
This will make you lose the game!
You have escaped!

.# #.# #..#.#####.#####..#
.# #.# #.#..#...#.#...#..#
.# #># #.##.#.>.#.'...#..#
.###.#####.##.#...#.#...#..#
...........##.##'##.#####.##
###...#######.............#
......### #.#####.##'##.#
........#####.#...#.#...#.#
..##.##.......#.@.'.#...#.#
........###...#...#.#...#.#
(.....### ##..#####.#####.#
##....#######.............#
....#.................#####
......#######.#########
.##.### #.# .##.# #.# .##.#
#.#


There were no monsters in sight!

Vanquished Creatures
  An adder (D:2)
  3 dart slugs
  6 ball pythons
  4 bats
  4 endoplasms (D:1)
  2 giant cockroaches
  3 goblins
  A hobgoblin (D:1)
  4 quokkas
  3 frilled lizards
  7 kobolds
  8 rats
46 creatures vanquished.

Notes
Turn   | Place    | Note
-------+----------+-------------------------------------------
     0 | D:1      | Peloso the Minotaur Fighter began the quest for the Orb.
     0 | D:1      | Reached XP level 1. HP: 19/19 MP: 0/0
   242 | D:1      | Reached XP level 2. HP: 27/27 MP: 1/1
   682 | D:2      | Reached XP level 3. HP: 32/34 MP: 2/2
   690 | D:2      | Found a shimmering altar of Xom.
  1388 | D:2      | Gained mutation: You are partially covered in iridescent
                  | scales. (AC +2) [potion of mutation]
  1388 | D:2      | Gained mutation: You are strong-willed. (Will+) [potion of
                  | mutation]
  1388 | D:2      | Gained mutation: You have a pair of large horns on your
                  | head. [potion of mutation]
  1641 | D:$      | Got out of the dungeon alive.

Illustrated notes

Levels and vault maps discovered:
D:1:      minmay_arrival_four_houses, layout_loops_ring
D:2:      layout_loops_ring, basic_altar, minmay_pentomino_z4

Skill      XL: |  1  2  3 |
---------------+----------+-----
Fighting       | 4 |  4.4
Armour         | 4 |  4.2
Long Blades    | 3 |  3.3
Shields        | 4 |  4.0
Dodging        | |  0.4

Action                     || total
---------------------------++-------
  Melee: Long sword        ||    84
         Headbutt          ||    12
    Use: Potion            ||     3
 Armour: Scale mail        ||    48
  Dodge: Dodged            ||    69
  Block: Buckler           ||    19
